AoeStats
← [SotC] Legend

Arabia

510316075Analyzed
1v1 RM · 2d ago on Sep 30, 2026· 26m 11s· 2 players
Game mode
Random Map
Map size
Tiny (2 player)
Population
200
Speed
Normal
Resources
Standard
Victory
Conquest
Starting age
Dark Age
Ending age
Imperial Age
RankedLock teamsTeams togetherTeam positionsShared explorationLock speedFull tech treeHidden civsTurbo modeCheats
Victory
Defeat
🇹🇷 Mongols · Türkiye
2303
+1
🇦🇷 Inca · Argentina
1775
-1
[SotC] Legend
8:50 Loom
11:23 Feudal Age
11:34 Champi Runner
15:43 Scale Mail Armor
21:37 Castle Age
20:07 Double-Bit Axe
21:35 Gold Mining
22:34 Chain Mail Armor
21:52 Champi Warrior
24:34 Squires
25:17 Forging
Prometheus
6:43 Loom
9:00 Feudal Age
9:37 Man-at-Arms
12:39 Double-Bit Axe
20:38 Castle Age
19:15 Fletching
19:22 Horse Collar
20:05 Gold Mining
20:40 Crossbowman
24:07 Bodkin Arrow
Connection lost

Rejoining the realm…

Still unreachable

The connection could not be restored.

Session expired

The server has moved on; the page needs a fresh start.